Map: Romanticide LE

Players

DisK

  • Race: Protoss Protoss

Nina - Winner!

  • Race: Protoss Protoss

Event: DreamHack SC2 Masters 2021 Winter

VOD

Have the link to the VOD?

Description

Time

  • Played on: Oct. 15, 2021, 4:54 p.m.
  • Length: 23:00

All games in this series

Show
View Real Time Build Order
Export as new Build Order

DisK Protoss 

Build Orders: Phoenix Opening 

Get SALT Encoding   

  12  0:00  Probe  
  13  0:12  Probe  
  14  0:16  Pylon  
  14  0:24  Probe  
  15  0:34  Gateway  
  15  0:36  Probe (Chrono Boost)  
  16  0:45  Probe (Chrono Boost)  
  16  0:46  Assimilator  
  17  0:50  Probe (Chrono Boost)  
  17  0:54  Assimilator  
  18  1:03  Probe (Chrono Boost)  
  19  1:06  Gateway  
  19  1:13  Probe (Chrono Boost)  
  19  1:18  Probe (Chrono Boost)  
  20  1:23  Cybernetics Core  
  21  1:29  Probe  
  22  1:34  Pylon  
  22  1:41  Probe  
  23  1:53  Probe  
  26  2:01  Stalker, Sentry  
  26  2:03  Warp Gate (Chrono Boost)  
  26  2:07  Probe  
  29  2:11  Pylon  
  29  2:19  Probe  
  29  2:22  Shield Battery  
  30  2:36  Nexus  
  30  2:40  Sentry  
  30  2:43  Sentry  
  34  2:46  Phoenix  
  34  2:49  Shield Battery  
  34  2:55  Pylon  
  34  3:05  Probe  
  34  3:19  Robotics Facility  
  34  3:20  Probe  
  34  3:22  Shield Battery  
  34  3:25  Pylon  
  35  3:32  Probe  
  36  3:44  Stalker x2, Probe (Chrono Boost)  
  41  3:51  Probe (Chrono Boost)  
  41  3:56  Probe (Chrono Boost)  
  43  4:03  Probe (Chrono Boost)  
  43  4:05  Probe (Chrono Boost)  
  43  4:06  Observer  
  43  4:07  Probe (Chrono Boost)  
  46  4:10  Probe  
  47  4:19  Stalker  
  47  4:20  Stalker  
  47  4:21  Probe (Chrono Boost)  
  47  4:23  Probe (Chrono Boost)  
  53  4:28  Forge  
  55  4:32  Probe (Chrono Boost)  
  55  4:33  Probe (Chrono Boost)  
  55  4:39  Probe  
  55  4:42  Probe  
  55  4:44  Immortal (Chrono Boost)  
  61  4:48  Pylon  
  61  4:58  Observer  
  61  5:01  Protoss Ground Weapons Level 1 (Chrono Boost)  
  61  5:03  Nexus  
  61  5:05  Probe  
  61  5:06  Probe  
  63  5:15  Assimilator  
  63  5:16  Immortal (Chrono Boost)  
  63  5:20  Immortal (Chrono Boost)  
  67  5:22  Probe x2  
  67  5:27  Twilight Council  
  69  5:29  Observer  
  69  5:34  Shield Battery  
  69  5:36  Probe  
  69  5:42  Pylon  
  70  5:46  Pylon  
  70  5:53  Probe  
  70  5:55  Probe  
  70  6:02  Blink (Chrono Boost)  
  70  6:03  Stalker x2, Gateway  
  74  6:05  Gateway  
  74  6:06  Probe  
  75  6:15  Phoenix  
  75  6:17  Probe (Chrono Boost)  
  78  6:21  Probe (Chrono Boost)  
  78  6:23  Pylon  
  78  6:24  Observer, Probe (Chrono Boost)  
  79  6:27  Probe (Chrono Boost)  
  79  6:28  Gateway  
  79  6:29  Gateway  
  79  6:31  Probe x2 (Chrono Boost)  
  82  6:37  Probe  
  83  6:41  Probe, Pylon  
  83  6:42  Probe  
  83  6:45  Robotics Bay  
  83  6:46  Stalker x2  
  89  6:49  Probe  
  89  6:50  Assimilator  
  89  6:51  Observer  
  91  6:57  Probe x2, Pylon  
  91  6:58  Phoenix, Protoss Ground Weapons Level 2 (Chrono Boost)  
  93  7:03  Probe  
  94  7:09  Probe  
  94  7:10  Probe  
  94  7:13  Assimilator  
  96  7:18  Robotics Facility  
  96  7:19  Nexus  
  96  7:20  Pylon  
  96  7:26  Stalker  
  98  7:30  Photon Cannon  
  98  7:32  Stalker, Pylon  
  98  7:36  Disruptor  
  103  7:40  Photon Cannon  
  103  7:43  Pylon  
  103  7:45  Probe x3  
  106  7:51  Gateway  
  106  7:53  Gateway  
  106  7:57  Charge  
  106  8:01  Pylon  
  106  8:02  Probe x3  
  109  8:06  Stalker x2  
  109  8:08  Stalker  
  109  8:10  Disruptor (Chrono Boost)  
  118  8:15  Disruptor (Chrono Boost)  
  121  8:20  Assimilator  
  121  8:24  Photon Cannon, Shield Battery  
  121  8:27  Pylon  
  121  8:36  Stalker x4  
  121  8:41  Stalker  
  131  8:44  Probe x3  
  134  8:51  Photon Cannon  
  134  8:55  Disruptor  
  137  8:57  Disruptor  
  140  9:03  Gateway  
  140  9:04  Gateway  
  140  9:07  Stalker x2  
  144  9:14  Stalker x3  
  150  9:23  Stalker x3  
  154  9:32  Zealot x2  
  154  9:36  Disruptor  
  161  9:43  Zealot x3  
  161  9:44  Observer  
  167  9:46  Pylon  
  167  9:47  Nexus  
  167  9:52  Disruptor  
  167  9:58  Pylon  
  167  9:59  Pylon  
  166  10:17  Disruptor  
  163  10:22  Gravitic Boosters (Chrono Boost)  
  163  10:24  Dark Shrine  
  163  10:25  Stalker x6  
  175  10:31  Pylon  
  175  10:40  Protoss Ground Weapons Level 3 (Chrono Boost)  
  175  10:48  Nexus  
  175  10:49  Zealot x5  
  185  10:50  Pylon  
  185  10:53  Assimilator  
  185  10:54  Assimilator  
  185  10:59  Photon Cannon x2  
  185  11:00  Disruptor x2  
  191  11:07  Stalker x3  
  194  11:37  Shadow Stride (Chrono Boost)  
  191  11:44  Zealot  
  191  11:45  Zealot x4  
  199  12:00  Gateway  
  199  12:01  Gateway  
  189  12:25  Zealot x2  
  189  12:26  Zealot x6  
  180  12:50  Disruptor  
  179  12:51  Zealot  
  179  12:52  Zealot x9  
  177  13:03  Probe  
  177  13:04  Probe x2  
  176  13:09  Forge  
  176  13:11  Stargate  
  176  13:14  Probe x2  
  176  13:16  Probe x2  
  176  13:17  Probe  
  176  13:18  Shield Battery  
  181  13:22  Photon Cannon, Disruptor (Chrono Boost)  
  181  13:23  Photon Cannon, Disruptor (Chrono Boost)  
  181  13:26  Probe  
  130  13:56  Observer x2  
  130  13:58  Stalker x4, Zealot  
  130  13:59  Stalker x7  
  125  14:21  Disruptor x2  
  121  14:31  Stalker x5  
  121  14:32  Stalker x3  
  131  14:47  Nexus  
  127  15:01  Dark Templar x4  
  113  15:29  Disruptor x2 (Chrono Boost)  
  118  15:59  Disruptor x2 (Chrono Boost)  
  118  16:02  Pylon  
  118  16:03  Dark Templar x3  
  130  16:11  Zealot  
  132  16:16  Stalker x5  
  142  16:20  Probe x4  
  146  16:28  Shield Battery  
  146  16:38  Disruptor x2  
  142  17:02  Dark Templar  
  142  17:03  Dark Templar x4  
  142  17:05  Stalker x3  
  148  17:43  Disruptor x2  
  147  17:46  Dark Templar x3  
  147  17:48  Stalker x5  
  158  18:20  Observer (Chrono Boost)  
  158  18:23  Disruptor (Chrono Boost)  
  157  18:36  Disruptor (Chrono Boost)  
  157  18:37  Assimilator x2  
  155  19:00  Observer  
  150  19:14  Observer  
  150  19:16  Stalker x10  
  166  19:52  Zealot  
  166  19:53  Zealot x2  
  166  19:57  Pylon  
  166  19:58  Pylon  
  148  20:26  Dark Templar x6  
  153  20:38  Zealot x2  
  153  20:39  Zealot x4  
  117  21:07  Zealot x6  
  117  21:08  Zealot  
  128  21:20  Observer  
  128  21:23  Observer  
  118  21:34  Dark Templar  
Show
View Real Time Build Order
Export as new Build Order

Nina Protoss - Winner!

Build Orders:  

Get SALT Encoding   

  12  0:00  Probe  
  13  0:12  Probe  
  14  0:18  Pylon  
  14  0:24  Probe (Chrono Boost)  
  15  0:37  Gateway, Probe (Chrono Boost)  
  16  0:45  Probe (Chrono Boost)  
  16  0:49  Assimilator  
  17  0:51  Probe  
  17  0:56  Assimilator  
  18  1:03  Probe (Chrono Boost)  
  19  1:08  Gateway  
  19  1:14  Probe (Chrono Boost)  
  20  1:19  Probe (Chrono Boost)  
  20  1:24  Cybernetics Core  
  21  1:30  Probe  
  22  1:36  Pylon  
  22  1:42  Probe  
  23  1:54  Probe  
  24  2:05  Stalker x2  
  28  2:09  Warp Gate  
  28  2:10  Probe  
  28  2:14  Pylon  
  29  2:26  Probe  
  30  2:34  Adept  
  30  2:35  Adept  
  34  2:40  Probe  
  34  2:52  Probe  
  34  2:56  Pylon  
  35  3:04  Probe  
  36  3:11  Stalker  
  38  3:13  Stalker  
  38  3:17  Probe  
  41  3:29  Probe  
  41  3:31  Nexus  
  42  3:43  Probe  
  43  3:54  Twilight Council  
  43  3:55  Gateway, Probe  
  40  3:58  Sentry, Pylon  
  40  4:01  Sentry  
  44  4:07  Probe  
  45  4:17  Shield Battery  
  45  4:19  Probe  
  45  4:22  Phoenix  
  46  4:26  Stalker  
  46  4:27  Blink (Chrono Boost)  
  48  4:31  Probe (Chrono Boost)  
  49  4:43  Probe (Chrono Boost)  
  49  4:44  Probe (Chrono Boost)  
  49  4:45  Stalker  
  53  4:52  Probe x2 (Chrono Boost)  
  55  4:55  Robotics Facility  
  55  4:57  Probe  
  56  5:00  Stalker  
  56  5:05  Probe  
  59  5:10  Sentry  
  59  5:11  Stalker  
  59  5:12  Probe  
  64  5:17  Probe  
  65  5:21  Assimilator  
  65  5:22  Pylon  
  65  5:24  Stalker  
  65  5:25  Probe  
  68  5:32  Pylon  
  68  5:33  Pylon  
  68  5:36  Stalker  
  68  5:40  Stalker  
  68  5:42  Probe x2  
  74  5:44  Observer  
  75  5:55  Nexus  
  75  5:57  Probe  
  76  6:08  Gateway, Forge  
  76  6:09  Probe  
  77  6:17  Probe  
  76  6:21  Stalker x2  
  76  6:22  Stalker  
  76  6:24  Probe  
  83  6:29  Probe  
  84  6:36  Observer (Chrono Boost), Assimilator, Probe  
  84  6:37  Protoss Ground Weapons Level 1 (Chrono Boost)  
  86  6:41  Probe  
  86  6:43  Pylon  
  87  6:48  Probe  
  87  6:51  Observer (Chrono Boost), Pylon  
  87  6:53  Pylon  
  87  6:54  Probe  
  90  6:56  Pylon  
  90  6:57  Stalker  
  90  6:59  Stalker  
  94  7:01  Probe  
  94  7:07  Probe  
  96  7:09  Probe  
  96  7:13  Gateway  
  98  7:15  Probe  
  98  7:16  Gateway  
  98  7:20  Robotics Bay  
  98  7:21  Probe  
  99  7:24  Probe  
  99  7:27  Probe  
  99  7:28  Shield Battery  
  101  7:32  Robotics Facility  
  101  7:35  Probe  
  102  7:38  Photon Cannon  
  102  7:42  Stalker x2  
  106  7:44  Probe  
  106  7:46  Observer (Chrono Boost)  
  106  7:47  Probe  
  109  7:52  Shield Battery  
  109  7:54  Photon Cannon  
  109  7:56  Assimilator  
  109  7:57  Assimilator  
  109  8:01  Stalker x2  
  109  8:04  Gateway  
  113  8:07  Disruptor  
  113  8:10  Photon Cannon  
  116  8:19  Disruptor  
  119  8:28  Photon Cannon  
  119  8:36  Stalker x2  
  123  8:43  Nexus  
  123  8:44  Disruptor  
  126  8:48  Protoss Ground Weapons Level 2 (Chrono Boost)  
  126  8:49  Pylon  
  126  8:50  Pylon  
  126  8:55  Probe  
  127  8:57  Disruptor  
  127  9:01  Probe  
  131  9:03  Pylon  
  131  9:09  Observer  
  131  9:12  Stalker x4  
  139  9:17  Charge  
  139  9:18  Observer  
  139  9:19  Shield Battery  
  139  9:20  Disruptor  
  139  9:21  Photon Cannon  
  139  9:22  Observer  
  142  9:32  Disruptor  
  142  9:35  Zealot x4  
  153  9:40  Probe  
  154  9:46  Photon Cannon  
  154  9:48  Probe  
  154  9:50  Probe  
  154  9:51  Photon Cannon  
  156  9:54  Zealot x2  
  156  9:56  Disruptor  
  156  9:57  Pylon  
  163  10:08  Observer  
  163  10:09  Zealot x3  
  163  10:10  Zealot, Probe  
  163  10:11  Observer  
  163  10:14  Disruptor  
  170  10:16  Stalker  
  172  10:26  Photon Cannon, Observer  
  172  10:31  Disruptor  
  174  10:45  Gravitic Boosters  
  174  10:49  Disruptor  
  174  10:50  Probe  
  174  10:51  Probe x3  
  181  10:58  Zealot x3  
  181  11:03  Probe x3, Pylon  
  181  11:04  Pylon  
  187  11:06  Dark Shrine  
  187  11:08  Observer  
  187  11:10  Gateway  
  184  11:14  Gateway  
  184  11:15  Photon Cannon  
  184  11:19  Photon Cannon  
  184  11:21  Zealot  
  166  11:33  Disruptor  
  166  11:39  Probe  
  170  11:42  Zealot x7  
  170  11:44  Probe  
  170  11:45  Probe  
  186  11:47  Probe  
  186  11:48  Pylon  
  186  11:49  Assimilator x2  
  186  11:51  Pylon  
  186  11:52  Disruptor  
  183  12:09  Disruptor  
  183  12:14  Stalker x4  
  186  12:19  Nexus  
  179  12:26  Zealot x3  
  179  12:28  Disruptor  
  183  12:41  Zealot x3  
  170  12:49  Disruptor (Chrono Boost)  
  159  13:01  Probe, Disruptor (Chrono Boost)  
  159  13:03  Photon Cannon  
  159  13:04  Stalker x5  
  159  13:05  Stalker, Shield Battery  
  173  13:06  Photon Cannon, Gateway  
  173  13:09  Photon Cannon, Gateway, Shield Battery  
  173  13:11  Photon Cannon  
  171  13:13  Protoss Ground Weapons Level 3 (Chrono Boost), Shadow Stride  
  171  13:23  Disruptor (Chrono Boost)  
  174  13:27  Zealot  
  174  13:32  Dark Templar x3  
  185  13:39  Dark Templar x2  
  185  13:40  Dark Templar  
  176  13:48  Dark Templar  
  163  13:59  Disruptor  
  144  14:41  Nexus  
  144  14:42  Nexus  
  144  14:44  Pylon  
  143  14:49  Observer  
  143  14:50  Pylon  
  143  14:52  Pylon  
  143  14:54  Robotics Facility, Pylon  
  143  14:57  Pylon  
  140  15:00  Pylon  
  140  15:09  Disruptor  
  109  15:30  Stalker x6  
  109  15:31  Stalker, Pylon  
  123  15:39  Pylon  
  123  15:41  Pylon  
  114  15:43  Photon Cannon, Pylon x2  
  114  15:46  Observer  
  114  15:49  Dark Templar  
  117  15:59  Dark Templar x5  
  127  16:05  Shield Battery  
  127  16:06  Disruptor  
  127  16:07  Photon Cannon  
  127  16:09  Photon Cannon  
  130  16:15  Photon Cannon  
  130  16:19  Probe  
  131  16:27  Assimilator  
  131  16:29  Assimilator  
  129  16:36  Stalker x2  
  129  16:37  Stalker x2  
  127  16:42  Disruptor  
  127  16:51  Zealot x4  
  131  16:57  Disruptor  
  132  17:04  Probe  
  132  17:05  Probe  
  132  17:07  Probe  
  135  17:15  Probe  
  136  17:16  Probe  
  136  17:17  Probe  
  136  17:19  Probe  
  138  17:30  Disruptor  
  141  17:41  Probe  
  140  17:44  Stalker x3  
  140  17:45  Stalker x2  
  141  18:19  Disruptor  
  144  18:21  Dark Templar x4  
  151  18:27  Stalker  
  151  18:28  Stalker x3  
  151  18:30  Probe  
  151  18:32  Probe  
  161  18:35  Observer  
  161  18:39  Probe  
  161  18:40  Probe  
  161  18:47  Photon Cannon  
  147  18:49  Photon Cannon  
  147  18:51  Dark Templar x4  
  149  19:10  Disruptor  
  149  19:11  Disruptor  
  149  19:16  Stalker  
  149  19:17  Stalker x2  
  153  19:18  Photon Cannon  
  153  19:22  Photon Cannon  
  149  19:45  Disruptor  
  149  19:48  Disruptor  
  149  19:52  Dark Templar  
  125  20:21  Disruptor  
  125  20:24  Disruptor  
  124  20:29  Zealot x4  
  124  20:30  Zealot x4  
  140  20:37  Photon Cannon  
  140  20:39  Photon Cannon  
  138  20:46  Nexus  
  118  20:57  Disruptor  
  118  20:59  Disruptor  
  101  21:32  Zealot x8, Disruptor  
  114  21:35  Disruptor  
  120  21:44  Pylon  
  120  21:54  Zealot x6  
  128  22:08  Disruptor  
  124  22:11  Disruptor  
  124  22:15  Pylon  
  124  22:28  Pylon  
  105  22:48  Stalker x5  
  105  22:50  Zealot  

Tags
 
Add a new tag
Caveats
  • Supply blocks, unpowered buildings, or Contaminate may cause inaccurate times.
  • Supply counts are checked every 10 seconds.